 Dungeon Crawl Stone Soup version 0.31-a0-1338-gb567cfdca4 (webtiles) character file.

Game seed: 17059958094288597610

110 pokeman the Magician (level 4, -2/25 HPs)
             Began as a Deep Elf Hedge Wizard on Dec 22, 2023.
             Slain by an orc
             ... wielding a +0 trident
              (9 damage)
             ... on level 3 of the Dungeon.
             The game lasted 00:03:37 (2987 turns).

pokeman the Magician (Deep Elf Hedge Wizard)        Turns: 2987, Time: 00:03:37

Health: -2/25      AC:  2    Str:  7    XL:     4   Next: 61%
Magic:  0/13       EV: 12    Int: 21    God:
Gold:   192        SH:  0    Dex: 14    Spells: 6/14 levels left

rFire   . . .        p - +1 dagger (elec)
rCold   + . .        (no shield)
rNeg    . . .        b - +0 robe
rPois   .            c - +0 hat
rElec   .            (no cloak)
rCorr   .            (no gloves)
SInv    .            (no boots)
Will    .....        (no amulet)
Stlth   ++           g - ring of protection from cold
HPRegen 0.24/turn    (no ring)
MPRegen 0.13/turn

%: no passive effects
@: no status effects
A: no striking features
a: no special abilities


You were on level 3 of the Dungeon.
You visited 1 branch of the dungeon, and saw 3 of its levels.

You collected 192 gold pieces.

Inventory:

Hand Weapons
 p - a +1 dagger of electrocution (weapon)
Armour
 b - a +0 robe (worn)
 c - a +0 hat (worn)
Jewellery
 g - a ring of protection from cold (left hand)
Scrolls
 f - a scroll of vulnerability {unknown}
 h - a scroll of amnesia {unknown}
 j - a scroll of immolation {unknown}
 k - a scroll of silence {unknown}
 l - 4 scrolls of identify {unknown}
 n - a scroll of teleportation {unknown}
Potions
 a - a potion of mutation {unknown}
 d - a potion of magic
 e - 2 potions of heal wounds {unknown}
 i - a potion of attraction {unknown}
 m - a potion of haste {unknown}
 o - 2 potions of invisibility {unknown}


   Skills:
 - Level 1.0 Fighting
 - Level 1.0 Armour
 + Level 2.7 Dodging
 + Level 2.8 Stealth
 * Level 5.8 Spellcasting
 + Level 2.3 Conjurations
 - Level 1.1 Summonings
 - Level 1.1 Translocations


You had 6 spell levels left.
You knew the following spells:

 Your Spells              Type           Power      Damage    Failure   Level
a - Magic Dart            Conj           64%        1d6       3%          1
b - Mephitic Cloud        Conj/Alch/Air  9%         N/A       22%         3
c - Call Imp              Summ           20%        N/A       10%         2
d - Blink                 Tloc           20%        N/A       10%         2

Your spell library contained the following spells:

 Spells                   Type           Power      Damage    Failure   Level
 Slow                     Hex            24%        N/A       10%         1
 Cigotuvi's Dreadful Rot  Necr/Alch/Air  12%        N/A       16%         2
 Tukima's Dance           Hex            6%         N/A       30%         3
 Iskenderun's Mystic Bla  Conj/Tloc      13%        2d5       43%         4
 Dimensional Bullseye     Hex/Tloc       4%         N/A       61%         4


Dungeon Overview and Level Annotations

Branches:
Dungeon (3/15)

Altars:
Dithmenos


Message History

The magic dart hits the giant cockroach.
You kill the giant cockroach!
Casting: Magic Dart (safe; 3% risk of failure)
Confirm with . or Enter, or press ? or * to list all spells.
Aiming: Magic Dart (safe; 3% risk of failure)
Press: ? - help, Shift-Dir - straight line, f - orc
Aim: an orc, wielding a +0 club (100% to hit)
The magic dart hits the orc.
The orc is heavily wounded.
The orc barely misses you.
The orc hits you from afar with a +0 trident.
You hit the orc.
The orc is heavily wounded.
An orc priest comes into view. It is wielding a +0 whip.
The orc hits you but does no damage.
The orc hits you from afar with a +0 trident.
You hit the orc.
You kill the orc!
The orc hits you from afar with a +0 trident.
An orc comes into view. It is wielding a +0 short sword.
Your magical contamination has completely faded away.
The orc barely misses you.
Items here: )) ††.
Casting: Magic Dart (safe; 3% risk of failure)
Confirm with . or Enter, or press ? or * to list all spells.
You don't have enough magic to cast this spell.
Unknown command.
Unknown command.
The orc hits you from afar with a +0 trident.
You see here 6 gold pieces.
The orc attacks as it pursues you!
The orc hits you from afar with a +0 trident.
The orc attacks as it pursues you!
The orc hits you from afar with a +0 trident.
* * * LOW HITPOINT WARNING * * *
Casting: Magic Dart (safe; 3% risk of failure)
Confirm with . or Enter, or press ? or * to list all spells.
A tiny devil pulls itself out of the air.
The orc hits you from afar with a +0 trident!
You die...

........#.#......# #.#
####.#.#......# #.#
#....#.#†.....# #.#
#.##.#...###### #.#
#.<#.#..## #.# #
#..#(..## #.#
#..###..#.# #.#
#.......#.###########.#
##.###..#.#..oo5@.....#
#...##.#o###########
###......#$#
##...######o# ..^#.#
#.# ####.# ... ####.#
..... ...#.. .......
...### #........


You could see an orc priest, 2 orcs and a friendly cerulean imp (summoned).

Vanquished Creatures
  2 adders (D:2)
  3 worms
  2 dart slugs
  5 orcs (D:3)
  8 endoplasms
  2 giant cockroaches
  8 goblins
  3 hobgoblins
  3 jackals (D:3)
  4 quokkas
  8 ball pythons
  10 bats
  A frilled lizard (D:2)
  5 kobolds
  8 rats
72 creatures vanquished.

Notes
Turn   | Place    | Note
-------+----------+-------------------------------------------
     0 | D:1      | pokeman the Deep Elf Hedge Wizard began the quest for the
                  | Orb.
     0 | D:1      | Reached XP level 1. HP: 10/10 MP: 7/7
   334 | D:1      | Reached XP level 2. HP: 15/15 MP: 6/9
  1116 | D:1      | Reached skill level 5 in Spellcasting
  1347 | D:2      | Reached XP level 3. HP: 20/20 MP: 8/11
  1351 | D:2      | Learned a level 3 spell: Mephitic Cloud
  1354 | D:2      | Learned a level 2 spell: Call Imp
  1357 | D:2      | Learned a level 2 spell: Blink
  1652 | D:2      | Reached skill level 1 in Fighting
  1652 | D:2      | Reached skill level 1 in Armour
  2013 | D:2      | Reached XP level 4. HP: 25/25 MP: 11/13
  2530 | D:3      | Found a shadowy altar of Dithmenos.
  2987 | D:3      | Slain by an orc

Illustrated notes

Levels and vault maps discovered:
D:1:      eino_arrival_water_star, layout_basic
D:2:      cheibrodos_greedy_goblins, layout_rooms, minmay_fountain_box
D:3:      layout_basic, mainiacjoe_overflow_alcove_2,
          nicolae_dithmenos_through_a_glass_darkly,
          dilly_ecumenical_altar_fadedgnrine, minmay_misc_feat_encased

Skill      XL: |  1  2  3 |
---------------+----------+-----
Spellcasting   | 5 |  5.8
Conjurations   | 2 |  2.3
Fighting       | 1 |  1.0
Armour         | 1 |  1.0
Dodging        | |  2.7
Stealth        | |  2.8
Summonings     | |  1.1
Translocations | |  1.1

Action                     |  1- 3 |  4- 6 || total
---------------------------+-------+-------++-------
  Melee: Dagger            |     5 |     4 ||     9
   Cast: Magic Dart        |   111 |    65 ||   176
         Mephitic Cloud    |     1 |       ||     1
         Call Imp          |       |     1 ||     1
 Armour: Robe              |    12 |    17 ||    29
  Dodge: Dodged            |    16 |    11 ||    27

Table legend: (Time is in decaauts)
 A = Elapsed time spent in this place.
 B = Non-inter-level travel time spent in this place.
 C = Inter-level travel time spent in this place.
 D = Time resting spent in this place.
 E = Time spent auto-exploring this place.
 F = Levels seen in this place.
 G = Mean time per level.
                   A        B        C        D        E       F      G
               +--------+--------+--------+--------+--------+-----+--------+
         Total |   2989 |   2900 |     89 |    200 |   2376 |   3 |  996.3 |
       Dungeon |   2989 |   2900 |     89 |    200 |   2376 |   3 |  996.3 |
               +--------+--------+--------+--------+--------+-----+--------+

Top non-repeatable levels by time:
     D:1: 1357 daAuts
     D:2: 983 daAuts
     D:3: 648 daAuts
